| TOP OF THE 1ST |
|
Greenville Drive batting - Pitching for Charleston RiverDogs : RHP Bill Setzer
|
|
Pitching: RHP Bill Setzer
|
|
|
Batting: RHB Larry Brocato
|
0-0: Ball 1-0: DOUBLE (Line Drive, 5D, EV 93.8 MPH)
|
|
Batting: RHB David Norum
|
0-0: Called Strike 0-1: Swinging Strike 0-2: Fly out, F7 (Flyball, 7LM, EV 90.0 MPH)
|
|
Batting: SHB Carter Cromsie
|
0-0: Called Strike 0-1: Foul Ball, location: 2F 0-2: Ball 1-2: SINGLE (Groundball, 56D, EV 94.4 MPH) Larry Brocato to third
|
|
Batting: LHB Nelis Geurts
|
0-0: Called Strike 0-1: Foul Ball, location: 2F 0-2: Ball 1-2: Foul Ball, location: 2F 1-2: Ball 2-2: Fly out, F7 (Flyball, 7D, EV 96.2 MPH)
|
|
Batting: RHB Andy Garvin
|
0-0: Called Strike 0-1: Fielders Choice at 2nd, 6-4 (Groundball, 6, EV 80.6 MPH)
|
| Top of the 1st over - 0 runs, 2 hits, 0 errors, 2 left on base; Greenville 0 - Charleston 0 |
| BOTTOM OF THE 1ST |
|
Charleston RiverDogs batting - Pitching for Greenville Drive : LHP Chris Deans
|
|
Pitching: LHP Chris Deans
|
|
|
Batting: LHB Justin O'Neal
|
0-0: Swinging Strike 0-1: Swinging Strike 0-2: Ball 1-2: Foul Ball, location: 2F 1-2: Foul Ball, location: 2F 1-2: Ball 2-2: Strikes out swinging
|
|
Batting: RHB Iften Olujimi
|
0-0: Foul Ball, location: 2F 0-1: Ball 1-1: Ball 2-1: Swinging Strike 2-2: Foul Ball, location: 2F 2-2: Ball 3-2: Strikes out swinging
|
|
Batting: RHB Alfredo Rodriguez
|
0-0: Ball 1-0: Ball 2-0: Ball 3-0: Base on Balls
|
|
Batting: LHB Sean Trueblood
|
0-0: Fly out, F5 (Line Drive, 5L, EV 68.8 MPH)
|
| Bottom of the 1st over - 0 runs, 0 hits, 0 errors, 1 left on base; Greenville 0 - Charleston 0 |
| TOP OF THE 2ND |
|
Greenville Drive batting - Pitching for Charleston RiverDogs : RHP Bill Setzer
|
|
Batting: RHB Bobby Schimke
|
0-0: Ball 1-0: Foul Ball, location: 2F 1-1: Foul Ball, location: 2F 1-2: Strikes out swinging
|
|
Batting: RHB Josh Helman
|
0-0: Ball 1-0: Ball 2-0: Called Strike 2-1: Swinging Strike 2-2: Strikes out looking
|
|
Batting: RHB Joel Vazquez
|
0-0: Ball 1-0: Called Strike 1-1: Fly out, F8 (Flyball, 8RM, EV 93.8 MPH)
|
| Top of the 2nd over - 0 runs, 0 hits, 0 errors, 0 left on base; Greenville 0 - Charleston 0 |
| BOTTOM OF THE 2ND |
|
Charleston RiverDogs batting - Pitching for Greenville Drive : LHP Chris Deans
|
|
Batting: LHB Marc Durgin
|
0-0: Ball 1-0: Ball 2-0: Ball 3-0: Called Strike 3-1: Base on Balls
|
|
Batting: RHB Bryan Westray
|
0-0: Ball 1-0: Fly out, F8 (Flyball, 8LM, EV 79.4 MPH)
|
|
Batting: RHB John Sprenkel
|
0-0: Ball 1-0: Ball Wild Pitch! Marc Durgin to second 2-0: Ground out 4-3 (Groundball, 34, EV 101.2 MPH) Marc Durgin to third
|
|
Batting: LHB Dale Anderson
|
0-0: Ball 1-0: Ball 2-0: Fly out, F8 (Flyball, 78XD, EV 103.1 MPH)
|
| Bottom of the 2nd over - 0 runs, 0 hits, 0 errors, 1 left on base; Greenville 0 - Charleston 0 |
| TOP OF THE 3RD |
|
Greenville Drive batting - Pitching for Charleston RiverDogs : RHP Bill Setzer
|
|
Batting: RHB Ted Emmerich
|
0-0: Bunt missed! 0-1: Reached via error on a dropped throw from 3B, E3 (Groundball, 56, EV 88.1 MPH)
|
|
Batting: RHB Larry Brocato
|
0-0: Swinging Strike 0-1: Foul Ball, location: 2F 0-2: Ball 1-2: SINGLE (Line Drive, 4D, EV 97.5 MPH) Ted Emmerich to second Runner from 2nd tries for 3rd, SAFE, no throw by CF
|
|
Batting: RHB David Norum
|
0-0: Ball 1-0: Ball Larry Brocato steals 2nd base 2-0: Ball 3-0: Base on Balls
|
|
Batting: SHB Carter Cromsie
|
0-0: Called Strike 0-1: GRAND SLAM HOME RUN (Flyball, 7D, EV 106.9 MPH), Distance : 422 ft
|
|
Batting: LHB Nelis Geurts
|
0-0: Ground out 2-3 (Groundball, 2L, EV 65.0 MPH)
|
|
Batting: RHB Andy Garvin
|
0-0: Ball 1-0: Ball 2-0: Foul Ball, location: 2F 2-1: Ball 3-1: Base on Balls
|
|
Batting: RHB Bobby Schimke
|
0-0: Swinging Strike 0-1: Ball 1-1: Foul Ball, location: 2F 1-2: Ball 2-2: Ball 3-2: Base on Balls Andy Garvin to second
|
|
Batting: RHB Josh Helman
|
0-0: Ball 1-0: DOUBLE (Line Drive, 7LD, EV 110.0 MPH) Andy Garvin scores Bobby Schimke to third Runner from 3rd tries for Home, throw by LF and OUT! 7-6-2 Josh Helman to third
|
|
Pitching: RHP Lee Durbin
|
|
|
Batting: RHB Joel Vazquez
|
0-0: Swinging Strike 0-1: Foul Ball, location: 2F 0-2: Ground out 5-3 (Groundball, 56S, EV 74.4 MPH)
|
| Top of the 3rd over - 5 runs, 3 hits, 1 error, 1 left on base; Greenville 5 - Charleston 0 |
| BOTTOM OF THE 3RD |
|
Charleston RiverDogs batting - Pitching for Greenville Drive : LHP Chris Deans
|
|
Batting: RHB Louwe Starmans
|
0-0: Called Strike 0-1: Ball 1-1: Swinging Strike 1-2: Ball 2-2: Ground out 6-3 (Groundball, 6, EV 91.2 MPH)
|
|
Batting: LHB Justin O'Neal
|
0-0: Ball 1-0: Called Strike 1-1: Ball 2-1: Ground out 5-3 (Groundball, 56S, EV 88.8 MPH)
|
|
Batting: RHB Iften Olujimi
|
0-0: Called Strike 0-1: Ball 1-1: Swinging Strike 1-2: Ball 2-2: Ball 3-2: Strikes out looking
|
| Bottom of the 3rd over - 0 runs, 0 hits, 0 errors, 0 left on base; Greenville 5 - Charleston 0 |
| TOP OF THE 4TH |
|
Greenville Drive batting - Pitching for Charleston RiverDogs : RHP Lee Durbin
|
|
Batting: RHB Ted Emmerich
|
0-0: Ground out 6-3 (Groundball, 6, EV 103.8 MPH)
|
|
Batting: RHB Larry Brocato
|
0-0: Ball 1-0: Called Strike 1-1: DOUBLE (Line Drive, 5D, EV 100.0 MPH)
|
|
Batting: RHB David Norum
|
0-0: Ball 1-0: Swinging Strike 1-1: Ball 2-1: Ground out 1-3 (Groundball, 15S, EV 70.0 MPH)
|
|
Batting: SHB Carter Cromsie
|
0-0: Called Strike 0-1: Swinging Strike 0-2: Ball 1-2: Foul Ball, location: 2F 1-2: Foul Ball, location: 2F 1-2: Strikes out swinging
|
| Top of the 4th over - 0 runs, 1 hit, 0 errors, 1 left on base; Greenville 5 - Charleston 0 |
| BOTTOM OF THE 4TH |
|
Charleston RiverDogs batting - Pitching for Greenville Drive : LHP Chris Deans
|
|
Batting: RHB Alfredo Rodriguez
|
0-0: Swinging Strike 0-1: Swinging Strike 0-2: Ball 1-2: Ball 2-2: Foul Ball, location: 2F 2-2: Ball 3-2: SINGLE (Line Drive, 9LM, EV 106.9 MPH)
|
|
Batting: LHB Sean Trueblood
|
0-0: Ball 1-0: Fly out, F9 (Flyball, 9, EV 92.5 MPH)
|
|
Batting: LHB Marc Durgin
|
0-0: Ball 1-0: Foul Ball, location: 2F 1-1: Foul Ball, location: 2F 1-2: Strikes out swinging
|
|
Batting: RHB Bryan Westray
|
0-0: Ball 1-0: Ball 2-0: Ball 3-0: SINGLE (Groundball, 56S, EV 74.4 MPH) (infield hit) Alfredo Rodriguez to second
|
|
Batting: RHB John Sprenkel
|
0-0: Ball 1-0: Called Strike 1-1: Fielders Choice at 2nd, 5-4 (Groundball, 56, EV 77.5 MPH)
|
| Bottom of the 4th over - 0 runs, 2 hits, 0 errors, 2 left on base; Greenville 5 - Charleston 0 |
| TOP OF THE 5TH |
|
Greenville Drive batting - Pitching for Charleston RiverDogs : RHP Lee Durbin
|
|
Batting: LHB Nelis Geurts
|
0-0: Called Strike 0-1: Ball 1-1: Ball 2-1: Ball 3-1: Foul Ball, location: 2F 3-2: Base on Balls
|
|
Batting: RHB Andy Garvin
|
0-0: Foul Ball, location: 2F 0-1: Swinging Strike 0-2: Ball 1-2: Foul Ball, location: 2F 1-2: Foul Ball, location: 2F 1-2: Ball 2-2: Ball 3-2: Base on Balls Nelis Geurts to second
|
|
Batting: RHB Bobby Schimke
|
0-0: Ball 1-0: Ball 2-0: Foul Ball, location: 2F 2-1: Ball 3-1: Foul Ball, location: 2F 3-2: Foul Ball, location: 2F 3-2: Base on Balls Nelis Geurts to third Andy Garvin to second
|
|
Batting: RHB Josh Helman
|
0-0: SINGLE (Groundball, 34D, EV 100.6 MPH) Nelis Geurts scores Andy Garvin to third Bobby Schimke to second Runner from 3rd tries for Home, SAFE, throw by RF to home
|
|
Batting: RHB Joel Vazquez
|
0-0: Ball 1-0: Swinging Strike 1-1: Ball 2-1: Ball 3-1: Swinging Strike 3-2: Strikes out swinging
|
|
Batting: RHB Ted Emmerich
|
0-0: Called Strike 0-1: Swinging Strike 0-2: Foul Ball, location: 2F 0-2: Ball 1-2: Strikes out swinging
|
|
Batting: RHB Larry Brocato
|
0-0: Ball 1-0: Ball 2-0: Ball 3-0: Called Strike 3-1: Base on Balls Bobby Schimke to third Josh Helman to second
|
|
Batting: RHB David Norum
|
0-0: Ball 1-0: Ball 2-0: Ball 3-0: Base on Balls Bobby Schimke scores Josh Helman to third Larry Brocato to second
|
|
Pitching: LHP Alex Pulido
|
|
|
Batting: SHB Carter Cromsie
|
0-0: Called Strike 0-1: Foul Ball, location: 2F 0-2: Strikes out looking
|
| Top of the 5th over - 3 runs, 1 hit, 0 errors, 3 left on base; Greenville 8 - Charleston 0 |
| BOTTOM OF THE 5TH |
|
Charleston RiverDogs batting - Pitching for Greenville Drive : LHP Chris Deans
|
|
Batting: LHB Dale Anderson
|
0-0: Called Strike 0-1: Ball 1-1: Foul Ball, location: 2F 1-2: Strikes out swinging
|
|
Batting: RHB Louwe Starmans
|
0-0: Foul Ball, location: 2F 0-1: Ball 1-1: Ball 2-1: Ground out 5-3 (Groundball, 56, EV 110.6 MPH)
|
|
Batting: LHB Justin O'Neal
|
0-0: Ball 1-0: Ball 2-0: SINGLE (Line Drive, 78S, EV 106.2 MPH)
|
|
Batting: RHB Iften Olujimi
|
0-0: Ball 1-0: Ball 2-0: Foul Ball, location: 2F 2-1: Called Strike 2-2: Foul Ball, location: 2F 2-2: Strikes out swinging
|
| Bottom of the 5th over - 0 runs, 1 hit, 0 errors, 1 left on base; Greenville 8 - Charleston 0 |
| TOP OF THE 6TH |
|
Greenville Drive batting - Pitching for Charleston RiverDogs : LHP Alex Pulido
|
|
Batting: LHB Nelis Geurts
|
0-0: Foul Ball, location: 2F 0-1: Called Strike 0-2: Ball 1-2: Foul Ball, location: 2F 1-2: Ball 2-2: Foul Ball, location: 2F 2-2: SINGLE (Groundball, 34S, EV 73.1 MPH) (infield hit)
|
|
Batting: RHB Andy Garvin
|
0-0: Ball 1-0: Fly out, F9 (Line Drive, 9LM, EV 93.1 MPH)
|
|
Batting: RHB Bobby Schimke
|
0-0: Called Strike 0-1: Swinging Strike 0-2: Strikes out looking
|
|
Batting: RHB Josh Helman
|
0-0: Ball 1-0: Fly out, F8 (Flyball, 89M, EV 87.5 MPH)
|
| Top of the 6th over - 0 runs, 1 hit, 0 errors, 1 left on base; Greenville 8 - Charleston 0 |
| BOTTOM OF THE 6TH |
|
Charleston RiverDogs batting - Pitching for Greenville Drive : LHP Chris Deans
|
|
Batting: RHB Alfredo Rodriguez
|
0-0: Ball 1-0: Ball 2-0: Foul Ball, location: 2F 2-1: Fly out, F8 (Flyball, 8LM, EV 93.8 MPH)
|
|
Batting: LHB Sean Trueblood
|
0-0: Called Strike 0-1: Ball 1-1: Swinging Strike 1-2: Strikes out swinging
|
|
Batting: LHB Marc Durgin
|
0-0: Foul Ball, location: 2F 0-1: Ball 1-1: Foul Ball, location: 2F 1-2: SINGLE (Groundball, 6MD, EV 103.1 MPH)
|
|
Pitching: LHP Kentaro Shimasaki
|
|
|
Batting: RHB Bryan Westray
|
0-0: Called Strike Marc Durgin steals 2nd, throwing error, E2 Marc Durgin to third 0-1: Ball 1-1: Ball 2-1: Ground out U3 (Groundball, 3, EV 80.6 MPH)
|
| Bottom of the 6th over - 0 runs, 1 hit, 1 error, 1 left on base; Greenville 8 - Charleston 0 |
| TOP OF THE 7TH |
|
Greenville Drive batting - Pitching for Charleston RiverDogs : LHP Alex Pulido
|
|
Batting: RHB Joel Vazquez
|
0-0: Ball 1-0: Ball 2-0: Fly out, F8 (Flyball, 8LXD, EV 99.4 MPH)
|
|
Batting: RHB Ted Emmerich
|
0-0: Foul Ball, location: 2F 0-1: Ball 1-1: Called Strike 1-2: Ball 2-2: Foul Ball, location: 2F 2-2: SOLO HOME RUN (Flyball, 89XD, EV 105.6 MPH), Distance : 435 ft
|
|
Batting: RHB Larry Brocato
|
0-0: Ground out 5-3 (Groundball, 56, EV 103.8 MPH)
|
|
Batting: RHB David Norum
|
0-0: Swinging Strike 0-1: Ball 1-1: Ground out 2-3 (Groundball, 15S, EV 65.0 MPH)
|
| Top of the 7th over - 1 run, 1 hit, 0 errors, 0 left on base; Greenville 9 - Charleston 0 |
| BOTTOM OF THE 7TH |
|
Charleston RiverDogs batting - Pitching for Greenville Drive : LHP Kentaro Shimasaki
|
|
Batting: RHB John Sprenkel
|
0-0: Called Strike 0-1: Ball 1-1: Fly out, F7 (Line Drive, 7S, EV 99.4 MPH)
|
|
Batting: RHB Francisco Aguayo
|
0-0: Ball 1-0: Ground out 4-3 (Groundball, 4, EV 76.2 MPH)
|
|
Batting: RHB Louwe Starmans
|
0-0: Ground out U3 (Groundball, 3L, EV 91.2 MPH)
|
| Bottom of the 7th over - 0 runs, 0 hits, 0 errors, 0 left on base; Greenville 9 - Charleston 0 |
| TOP OF THE 8TH |
|
Greenville Drive batting - Pitching for Charleston RiverDogs : LHP Alex Pulido
|
|
Batting: SHB Carter Cromsie
|
0-0: Ball 1-0: Ball 2-0: Ground out 5-3 (Groundball, 56, EV 88.8 MPH)
|
|
Batting: LHB Nelis Geurts
|
0-0: Ball 1-0: Called Strike 1-1: Foul Ball, location: 2F 1-2: Foul Ball, location: 2F 1-2: Ball 2-2: Foul Ball, location: 2F 2-2: Foul Ball, location: 2F 2-2: Ball 3-2: Foul Ball, location: 2F 3-2: Foul Ball, location: 2F 3-2: SINGLE (Groundball, 6MD, EV 83.8 MPH) (infield hit)
|
|
Pitching: LHP Cory Musial
|
|
|
Batting: RHB Andy Garvin
|
0-0: DOUBLE (Line Drive, 7LM, EV 108.1 MPH) Nelis Geurts to third Runner from 3rd tries for Home, SAFE, no throw by LF
|
|
Batting: RHB Bobby Schimke
|
0-0: Called Strike 0-1: Foul Ball, location: 2F 0-2: Ball 1-2: Ball 2-2: Ground out U3 (Groundball, 34, EV 106.2 MPH) Andy Garvin to third
|
|
Batting: RHB Josh Helman
|
0-0: Ball 1-0: Fly out, F7 (Flyball, 7LMF, EV 106.9 MPH)
|
| Top of the 8th over - 1 run, 2 hits, 0 errors, 1 left on base; Greenville 10 - Charleston 0 |
| BOTTOM OF THE 8TH |
|
Charleston RiverDogs batting - Pitching for Greenville Drive : LHP Kentaro Shimasaki
|
|
Batting: LHB Justin O'Neal
|
0-0: Ball 1-0: Called Strike 1-1: Ball 2-1: Swinging Strike 2-2: Ball 3-2: Strikes out looking
|
|
Batting: RHB Iften Olujimi
|
0-0: Ball 1-0: Ball 2-0: Foul Ball, location: 2F 2-1: Foul Ball, location: 2F 2-2: Strikes out swinging
|
|
Batting: RHB Alfredo Rodriguez
|
0-0: Called Strike 0-1: Swinging Strike 0-2: Strikes out looking
|
| Bottom of the 8th over - 0 runs, 0 hits, 0 errors, 0 left on base; Greenville 10 - Charleston 0 |
| TOP OF THE 9TH |
|
Greenville Drive batting - Pitching for Charleston RiverDogs : LHP Cory Musial
|
|
Batting: RHB Joel Vazquez
|
0-0: Called Strike 0-1: Foul Ball, location: 2F 0-2: Ball 1-2: Ball 2-2: Strikes out swinging
|
|
Batting: RHB Ted Emmerich
|
0-0: Called Strike 0-1: Ball 1-1: Ball 2-1: Foul Ball, location: 2F 2-2: Strikes out swinging
|
|
Batting: RHB Larry Brocato
|
0-0: Ball 1-0: Ball 2-0: Ball 3-0: Called Strike 3-1: Foul Ball, location: 2F 3-2: Base on Balls
|
|
Batting: RHB David Norum
|
0-0: Foul Ball, location: 2F 0-1: Swinging Strike 0-2: Strikes out looking
|
| Top of the 9th over - 0 runs, 0 hits, 0 errors, 1 left on base; Greenville 10 - Charleston 0 |
| BOTTOM OF THE 9TH |
|
Charleston RiverDogs batting - Pitching for Greenville Drive : LHP Kentaro Shimasaki
|
|
Pinch Hitting: RHB Bryan Massey
|
0-0: Ball 1-0: Called Strike 1-1: Foul Ball, location: 2F 1-2: SOLO HOME RUN (Flyball, 7D, EV 101.2 MPH), Distance : 411 ft
|
|
Batting: LHB Marc Durgin
|
0-0: Ball 1-0: Swinging Strike 1-1: Ball 2-1: Called Strike 2-2: Fly out, F4 (Line Drive, 4, EV 69.4 MPH)
|
|
Pinch Hitting: RHB Bill Nguyen-Tan
|
0-0: Called Strike 0-1: Called Strike 0-2: Foul Ball, location: 2F 0-2: Ball 1-2: Foul Ball, location: 2F 1-2: DOUBLE (Flyball, 8RXD, EV 108.1 MPH)
|
|
Batting: RHB John Sprenkel
|
0-0: Ball 1-0: Ball 2-0: Swinging Strike 2-1: Ball 3-1: Swinging Strike 3-2: Base on Balls
|
|
Pitching: RHP Gabe Torres
|
|
|
Batting: RHB Francisco Aguayo
|
0-0: Fielders Choice at 3rd, U5 (Groundball, 5L, EV 98.1 MPH) John Sprenkel to second
|
|
Pinch Hitting: LHB Jeremiah Walker
|
0-0: Ball 1-0: Foul Ball, location: 2F 1-1: Swinging Strike 1-2: Ball 2-2: Ball 3-2: Strikes out swinging
|
| Bottom of the 9th over - 1 run, 2 hits, 0 errors, 2 left on base; Greenville 10 - Charleston 1 |
|